 Dungeon Sprint DCSS version 0.30-a0-51-g784eafce7f (webtiles) character file.

Game seed: 4030264789157552212

242 Ankalagon the Skirmisher (level 5, 0/41 HPs)
             Began as a Demigod Hunter on Sept 5, 2022.
             Succumbed to a water moccasin's poison
             ... in the Dungeon (Sprint II: "The Violet Keep of Menkaure").
             The game lasted 00:01:20 (193 turns).

Ankalagon the Skirmisher (Demigod Hunter)            Turns: 193, Time: 00:01:20

Health: 0/41       AC:  3    Str: 12    XL:     5   Next: 52%
Magic:  7/7        EV: 12    Int: 11    God:
Gold:   243        SH:  0    Dex: 21    Spells: 4/4 levels left

rFire   . . .      SeeInvis .    a - +0 shortbow
rCold   . . .      Faith    .    (shield currently unavailable)
rNeg    . . .      Spirit   .    c - +0 leather armour
rPois   .          Reflect  .    (no helmet)
rElec   .          Harm     .    (no cloak)
rCorr   .          Rampage  .    (no gloves)
Will    .....      NoTele   +    (no boots)
Stlth   ++........               (no amulet)
HPRegen 0.13/turn                (no ring)
MPRegen 0.10/turn                (no ring)

@: lethally poisoned (0 -> -24)
A: high MP 1, forlorn, divine attributes
a: no special abilities


You were in the Dungeon.
You visited 1 branch You collected 243 gold pieces.

Inventory:

Hand Weapons
 a - a +0 shortbow (weapon)
Armour
 c - a +0 leather armour (worn)
Scrolls
 b - a scroll of immolation
 i - a scroll of blinking
Potions
 g - 2 potions of magic
 h - a potion of berserk rage


   Skills:
 - Level 1.7 Fighting
 + Level 11.6 Ranged Weapons
 - Level 1.7 Dodging
 - Level 0.8 Stealth


You had 4 spell levels left.
You didn't know any spells.
Your spell library was empty.

Dungeon Overview and Level Annotations

Branches:
Dungeon (1/1)

Shops:
D (=![!?![!::[=

Annotations:
D exclusion: oklob plant, Roxanne


Innate Abilities, Weirdness & Mutations

You have an increased reservoir of magic. (+10% MP)
You shall have no god before yourself.
Your divine heritage dramatically boosts your attributes as you level up.


Message History

You feel very sick. The water moccasin closely misses you.
The water moccasin bites you but does no damage.
Fire: a) +0 shortbow
Press: ? - help, Q - select action Shift-Dir - straight line, f/p - water moccasin
Aim: a water moccasin (almost dead, 52% to hit)
You shoot an arrow. The arrow hits the water moccasin.
The water moccasin is almost dead.
You feel very sick.
The water moccasin bites you but does no damage.
Fire: a) +0 shortbow
Press: ? - help, Q - select action Shift-Dir - straight line, f/p - water moccasin
Aim: a water moccasin (almost dead, 52% to hit)
You shoot an arrow.
The arrow barely misses the water moccasin.
You feel sick. The water moccasin bites you.
You are lethally poisoned!
The water moccasin poisons you!
Fire: a) +0 shortbow
Press: ? - help, Q - select action Shift-Dir - straight line, f/p - water moccasin
Aim: a water moccasin (almost dead, 52% to hit)
You shoot an arrow.
The arrow closely misses the water moccasin.
* * * LOW HITPOINT WARNING * * *
You feel very sick. The water moccasin bites you!
* * * LOW HITPOINT WARNING * * *
You are more poisoned.
The water moccasin poisons you!
The water moccasin bites you but does no damage.
Unknown command.
Okay, then.
Unknown command.
Fire: a) +0 shortbow
Press: ? - help, Q - select action Shift-Dir - straight line, f/p - water moccasin
Aim: a water moccasin (almost dead, 52% to hit)
You shoot an arrow.
The arrow hits the water moccasin but does no damage.
The water moccasin is almost dead.
You die...

########~~~...
.∩.....#~~~~.
∩.∩....#~~~~
.∩.∩...#~~~
..∩.∩..#~~
...∩.⌠.#~# #+#
..∩....#S# ##.##
.∩.∩...@~+ +.<.+
∩.∩....#~# ##.##
▓▓▓▓▓###~## ##†##
!G######~~####...##
$. ##~~~#..#..# § P
#+#~##.#.## ~~~
#~~##'##~~~≈≈
##~~~~~~~~~~≈
#+++#+++#~≈≈


You could see a great orb of eyes, an oklob plant and a water moccasin.

Vanquished Creatures
  4 necrophages (D)
4 creatures vanquished.

Vanquished Creatures (others)
  Menkaure (D)
1 creature vanquished.

Grand Total: 5 creatures vanquished

Notes
Turn   | Place    | Note
-------+----------+-------------------------------------------
     0 | D        | Ankalagon the Demigod Hunter began the quest for the Orb.
     0 | D        | Reached XP level 1. HP: 17/17 MP: 3/3
     1 | D        | Noticed a necrophage
     1 | D        | Noticed a necrophage
     1 | D        | Noticed a necrophage
     1 | D        | Noticed a necrophage
    12 | D        | Killed a necrophage
    13 | D        | Reached skill level 7 in Ranged Weapons
    13 | D        | Reached XP level 2. HP: 12/24 MP: 4/4
    13 | D        | Reached XP level 3. HP: 14/29 MP: 5/5
    25 | D        | Killed a necrophage
    26 | D        | Reached skill level 9 in Ranged Weapons
    26 | D        | Reached XP level 4. HP: 21/36 MP: 6/6
    29 | D        | Killed a necrophage
    30 | D        | Reached skill level 10 in Ranged Weapons
    30 | D        | Reached XP level 5. HP: 25/41 MP: 7/7
    37 | D        | Reached skill level 11 in Ranged Weapons
   133 | D        | Killed Menkaure
   161 | D        | Noticed Roxanne
   170 | D        | Found Otrunkoi's Antique Armour Shop.
   170 | D        | Found Zovyxtal's Book Boutique.
   170 | D        | Found Voofis's Jewellery Boutique.
   171 | D        | Found Sukkusa's Distillery.
   171 | D        | Found Ylang's Armour Boutique.
   171 | D        | Found Qiriy's Distillery.
   171 | D        | Found Yran's Book Shop.
   172 | D        | Found Epligg's Distillery.
   172 | D        | Found Galuilov's Antique Armour Boutique.
   172 | D        | Found Wuexogg's Magic Scroll Boutique.
   174 | D        | Found Noumno's Distillery.
   175 | D        | Found Cynta's Jewellery Boutique.
   175 | D        | Found Cit Kaje's Antique Weapon Shop.
   175 | D        | Noticed a water moccasin
   175 | D        | Noticed a great orb of eyes
   175 | D        | Noticed an oklob plant
   193 | D        | Succumbed to a water moccasin's poison

Illustrated notes

Levels and vault maps discovered:
D:        the_violet_keep_of_menkaure [sprint2_stairs_cluster_1,
          sprint2_shoproom, sprint2_temple, sprint2_basic_supplies,
          sprint2_obstacle_6, sprint2_obstacle_1, sprint2_obstacle_4,
          sprint2_obstacle_5, sprint2_obstacle_2, sprint2_timed_cluster_1,
          sprint2_smallroom_cluster_1, sprint2_smallroom_final_cluster_1,
          sprint2_transparent_cluster_1, sprint2_second_timed_cluster_1,
          sprint2_sniper_area_1, sprint2_heavy_combat_area_1,
          sprint2_mutation_trap_area_1, sprint2_forest_area_1,
          sprint2_light_combat_area_1, sprint2_behind_water_1,
          sprint2_near_end_vault_1]

Skill      XL: |  1  2  3  4  5 |
---------------+----------------+-----
Ranged Weapons | 7 9 10 11 | 11.6
Fighting       | |  1.7
Dodging        | |  1.7
Stealth        | |  0.8

Action                   |  1- 3 |  4- 6 || total
-------------------------+-------+-------++-------
 Fire: Shortbow          |    21 |    29 ||    50
  Use: Potion            |     3 |       ||     3
Armor: Leather armour    |     1 |     4 ||     5
Dodge: Dodged            |     8 |    15 ||    23

Table legend: (Time is in decaauts)
 A = Elapsed time spent in this place.
 B = Non-inter-level travel time spent in this place.
 C = Inter-level travel time spent in this place.
 D = Time resting spent in this place.
 E = Time spent auto-exploring this place.
 F = Levels seen in this place.
 G = Mean time per level.
                   A        B        C        D        E       F      G
               +--------+--------+--------+--------+--------+-----+--------+
         Total |    184 |    184 |      0 |    114 |      0 |   1 |  184.0 |
       Dungeon |    184 |    184 |      0 |    114 |      0 |   1 |  184.0 |
               +--------+--------+--------+--------+--------+-----+--------+

Top non-repeatable levels by time:
       D: 184 daAuts
